 Dungeon Crawl Stone Soup version 0.31.0-1-g2c135a0 (webtiles) character file.

Game seed: 8023344009011448027

21116 samcosmo the Destroyer (level 12, -1/71 HPs)
             Began as a Gargoyle Fire Elementalist on Mar 17, 2024.
             Was a High Priest of Sif Muna.
             Slain by a death yak (17 damage)
             ... on level 2 of the Lair of Beasts on Mar 18, 2024.
             The game lasted 01:04:54 (16627 turns).

samcosmo the Destroyer (GrFE)                      Turns: 16627, Time: 01:04:54

Health: -1/71      AC: 16    Str: 19    XL:     12   Next: 86%
Magic:  10/25      EV: 13    Int: 28    God:    Sif Muna [*****.]
Gold:   303        SH:  0    Dex: 11    Spells: 14/29 levels left

rFire   . . .        B - +9 short sword of the Rat {elec, rCorr}
rCold   . . .        (no shield)
rNeg    + + .        d - +1 troll leather armour {Pargi}
rPois   ∞            s - +2 helmet
rElec   +            k - +0 cloak
rCorr   +            (no gloves)
SInv    .            (no boots)
Will    +....        I - amulet of regeneration
Stlth   ++           N - ring of Contentment {*Slow rElec Will+ Int+8 Dex-4}
HPRegen 1.91/turn    E - ring of Dighe {rPois rN+ Str+6 Dex+5 Slay+3}
MPRegen 0.19/turn

%: slow self (1%)
@: no status effects
A: sickness immunity, AC +8, negative energy resistance 1, electricity
resistance, torment resistance 1, petrification resistance
a: Renounce Religion, Channel Magic, Forget Spell, Divine Exegesis


You were on level 2 of the Lair of Beasts.
You worshipped Sif Muna.
Sif Muna was extremely pleased with you.
You visited 3 branches of the dungeon, and saw 13 of its levels.
You also visited: Sewer.

You collected 846 gold pieces.
You spent 543 gold pieces at shops.

Inventory:

Hand Weapons
 B - the +9 short sword of the Rat (weapon) {elec, rCorr}
   (You found it on level 5 of the Dungeon)

   rCorr:     It protects you from acid and corrosion.
Missiles
 u - 7 throwing nets
Armour
 d - a +1 troll leather armour (worn) {Pargi}
 k - a +0 cloak (worn)
 s - a +2 helmet (worn)
Jewellery
 h - a +5 ring of evasion
 E - the ring of Dighe (right hand) {rPois rN+ Str+6 Dex+5 Slay+3}
   (You found it on level 8 of the Dungeon)

   [ring of strength]

   Str+6:     It affects your strength (+6).
   Dex+5:     It affects your dexterity (+5).
   Slay+3:    It affects your accuracy & damage with ranged weapons and melee
   (+3).
   rPois:     It protects you from poison rN+: It protects you from negative
   energy.
 I - an amulet of regeneration (around neck)
 N - the ring of Contentment (left hand) {*Slow rElec Will+ Int+8 Dex-4}
   (You bought it in a shop on level 7 of the Dungeon)

   [ring of willpower]

   Int+8:     It affects your intelligence (+8).
   Dex-4:     It affects your dexterity (-4).
   rElec:     It insulates you from electricity.
   Will+:     It increases your willpower.
   *Slow:     It may slow you when you take damage.
Wands
 c - a wand of iceblast (7)
 t - a wand of flame (22)
 x - a wand of mindburst (35)
 y - a wand of paralysis (3)
 D - a wand of polymorph (10)
Scrolls
 p - 2 scrolls of blinking
 r - 3 scrolls of fear
 w - 4 scrolls of teleportation
 z - 2 scrolls of amnesia
 A - a scroll of poison
 G - a scroll of brand weapon
 J - a scroll of torment
 M - a scroll of fog
Potions
 b - 2 potions of magic
 g - 4 potions of brilliance
 i - 2 potions of haste
 n - a potion of curing
 o - 4 potions of might
 v - 4 potions of mutation
 C - 2 potions of enlightenment
 F - 2 potions of degeneration
 H - a potion of attraction {unknown}
 K - a potion of berserk rage {unknown}
 L - 2 potions of resistance {unknown}


   Skills:
 + Level 6.6 Fighting
 + Level 6.3 Dodging
 - Level 2.1 Stealth
 + Level 9.2 Spellcasting
 - Level 9.2 Conjurations
 * Level 8.8 Fire Magic
 - Level 9.0 Ice Magic
 - Level 3.0 Air Magic
 + Level 2.0 Alchemy
 - Level 5.0 Invocations


You had 14 spell levels left.
You knew the following spells:

 Your Spells              Type           Power      Damage    Failure   Level
a - Foxfire               Conj/Fire      100%       2x1d9     1%          1
b - Scorch                Fire           100%       2d9       1%          2
c - Flame Wave            Conj/Fire      59%        2d14      1%          4
d - Freezing Cloud        Conj/Ice/Air   25%        6-21      8%          5
e - Mephitic Cloud        Conj/Alch/Air  39%        N/A       2%          3

Your spell library contained the following spells:

 Spells                   Type           Power      Damage    Failure   Level
 Freeze                   Ice            100%       1d10      1%          1
 Frozen Ramparts          Ice            100%       1d16      1%          3
 Hailstorm                Conj/Ice       59%        3d11      1%          3
 Mercury Vapours          Alch/Air       54%        N/A       2%          2
 Inner Flame              Hex/Fire       37%        N/A       2%          3
 Volatile Blastmotes      Fire/Tloc      74%        2d16      2%          3
 Summon Small Mammal      Summ           48%        N/A       5%          1
 Ignite Poison            Fire/Alch      43%        N/A       5%          4
 Sticky Flame             Fire/Alch      43%        2d8       5%          4
 Summon Blazeheart Golem  Fire/Summ      37%        N/A       9%          4
 Call Canine Familiar     Summ           12%        N/A       16%         3
 Gell's Gravitas          Tloc           12%        N/A       16%         3
 Teleport Other           Tloc           12%        N/A       16%         3
 Metabolic Englaciation   Hex/Ice        19%        N/A       22%         5
 Leda's Liquefaction      Alch/Erth      9%         N/A       32%         4
 Petrify                  Alch/Erth      18%        N/A       32%         4
 Dispel Undead            Necr           12%        3d9       45%         4
 Martyr's Knell           Necr/Summ      12%        N/A       45%         4
 Summon Forest            Summ/Tloc      6%         N/A       82%         5
 Eringya's Noxious Bog    Alch           12%        4d6       98%         6
 Death Channel            Necr           6%         N/A       100%        6
 Dispersal                Tloc           6%         N/A       100%        6
 Summon Hydra             Summ           6%         N/A       100%        7
 Ignition                 Fire           29%        3d9       100%        8
 Cigotuvi's Dreadful Rot  Necr/Alch/Air  Unusable   N/A       N/A         2

Dungeon Overview and Level Annotations

Branches:
Dungeon (10/15)            Temple (1/1) D:6            Lair (2/5) D:10
    Orc (0/2) D:9           Sewer (visited)
  Swamp: Lair:2-3    Shoals: Lair:2-3     Snake: Lair:2-3    Spider: Lair:2-3

Altars:
Ashenzari
Cheibriados
Dithmenos
Elyvilon
Fedhas
Gozag
Hepliaklqana
Kikubaaqudgha
Makhleb
Nemelex Xobeh
Okawaru
Qazlal
Ru
Sif Muna
Trog
Uskayaw
Vehumet
Wu Jian
Xom
Yredelemnul
Zin
The Shining One

Shops:
D:1 !   D:4 (   D:6 *   D:7 *([*=   D:9 [*

Portals:
Trove: D:10 (give 8 potions of haste)

Annotations:
D:5 2 runed translucent doors, Biscolet's ghost, amateur FoHu
D:10 Treasure


Innate Abilities, Weirdness & Mutations

You are immune to sickness and miasma.
Your stone body is resilient. (AC +8)
You are immune to poison.
You resist negative energy. (rN+)
You are resistant to electric shocks. (rElec)
You are resistant to unholy torment.
You are immune to petrification.


Message History

The flame wave engulfs the death yak!
The death yak is severely wounded.
The flame wave engulfs the death yak!
The death yak is burned terribly!
The death yak is heavily wounded.
You finish channelling waves of flame.
The death yak gores you.
The death yak gores you but does no damage.
The death yak gores you!
Casting: Flame Wave (dangerous; 1% risk of failure)
Confirm with . or Enter, or press ? or * to list all spells.
Casting: Flame Wave (dangerous; 1% risk of failure)
Press: ? - help, Dir - look around, f - activate A wave of flame ripples out!
The flame wave engulfs the death yak!
The death yak is severely wounded.
The flame wave engulfs the death yak!
The death yak is almost dead.
The flame wave engulfs the death yak!
The death yak is burned terribly!
The death yak is severely wounded. (Press . to intensify the flame waves.)
The death yak is no longer more vulnerable to fire.
The death yak closely misses you. The death yak barely misses you.
The death yak closely misses you.
A wave of flame ripples out!
The flame wave engulfs the death yak!
The death yak is severely wounded.
The flame wave engulfs the death yak but does no damage.
The death yak is almost dead.
The flame wave engulfs the death yak!
The death yak is severely wounded.
The death yak gores you. The death yak gores you!!
* * * LOW HITPOINT WARNING * * *
The death yak barely misses you.
A wave of flame ripples out!
The flame wave engulfs the death yak.
The death yak is severely wounded.
The flame wave engulfs the death yak!
The death yak is almost dead.
The flame wave engulfs the death yak!!
You kill the death yak!
Sif Muna accepts your kill.
You finish channelling waves of flame.
The death yak completely misses you. The death yak gores you!
You die...

#### ... ###..P### ....
#...)...## #....
.........##.....
.........#.....
.........#..#
......Y@÷..#
......Y....#
...........#
........†..###
.............#
.............##
#.............###
..............#.# #####
#............#.#####..##


You could see 2 death yaks.

Vanquished Creatures
  A centaur warrior (D:10)
  3 two-headed ogres (D:9)
  2 death yaks
  Pikel (D:5)
  An ugly thing (D:8)
  A cyclops (D:9)
  A black mamba (Lair:1)
  2 cane toads
  A gargoyle (D:8)
  Maggie (D:7)
  A kobold demonologist (D:8)
  An ice devil (D:9)
  3 komodo dragons
  A troll (D:10)
  2 hornets (D:9)
  2 polar bears (D:10)
  2 wraiths
  24 yaks
  A vampire (D:10)
  3 shadows
  6 wyverns
  A basilisk (Lair:2)
  An unseen horror simulacrum (D:10)
  A steam dragon (Lair:1)
  A neqoxec (D:9)
  A chaos spawn (D:9)
  An acid dragon (D:9)
  12 water moccasins
  Pargi (Sewer)
  10 orc warriors
  A black bear (D:10)
  3 ogres (D:5)
  4 wolves
  6 centaurs
  3 lemures
  A phantom (D:6)
  3 kobold brigands
  A brain worm (Sewer)
  4 gnoll sergeants
  6 bullfrogs
  A scorpion (D:6)
  8 wights
  10 killer bees (D:9)
  4 howler monkeys
  4 bombardier beetles
  A crimson imp (D:9)
  6 orc priests
  A quasit (D:9)
  3 gnoll boudas
  12 hounds
  5 jellies
  Terence (D:1)
  A sleepcap (D:4)
  3 iguanas
  6 orc wizards
  Robin (D:2)
  31 gnolls
  10 adders
  3 shadow imps
  A white imp (D:8)
  6 ufetubi
  A dart slug (D:3)
  3 ribbon worms
  46 orcs
  12 ball pythons
  5 endoplasms
  3 giant cockroaches (D:3)
  16 goblins
  8 hobgoblins
  8 jackals
  5 quokkas
  5 bats
  4 frilled lizards
  23 kobolds
  10 rats
388 creatures vanquished.

Vanquished Creatures (collateral kills)
  20 foxfires
20 creatures vanquished.

Vanquished Creatures (others)
  756 foxfires
756 creatures vanquished.

Grand Total: 1164 creatures vanquished

Notes
Turn   | Place    | Note
-------+----------+-------------------------------------------
     0 | D:1      | samcosmo the Gargoyle Fire Elementalist began the quest for
                  | the Orb.
     0 | D:1      | Reached XP level 1. HP: 10/10 MP: 3/3
    71 | D:1      | Found Hyaj Cax's Distillery.
   690 | D:1      | Reached XP level 2. HP: 10/16 MP: 0/5
   740 | D:1      | Learned a level 2 spell: Scorch
   998 | D:1      | Reached skill level 1 in Fighting
  1018 | D:1      | Reached XP level 3. HP: 20/20 MP: 1/6
  1571 | D:2      | Reached XP level 4. HP: 21/25 MP: 2/8
  1620 | D:2      | Noticed Terence
  1673 | D:1      | Killed Terence
  1923 | D:2      | Found a shadowy altar of Dithmenos.
  2013 | D:2      | Identified the +1 whip "Fuchez" {spect, rPois Int-2 Dex+4}
  2170 | D:2      | Reached XP level 5. HP: 30/30 MP: 1/9
  2321 | D:2      | Found a faded altar of an unknown god.
  2505 | D:2      | Noticed Robin
  2515 | D:2      | Killed Robin
  2816 | D:3      | Found a glowing drain.
  2831 | Sewer    | Entered a sewer
  3032 | Sewer    | Noticed Pargi
  3037 | Sewer    | Killed Pargi
  3038 | Sewer    | Reached XP level 6. HP: 36/36 MP: 3/12
  4653 | D:4      | Found a transporter.
  4740 | D:4      | Found Huunam's Weapon Shoppe.
  4857 | D:4      | Found a transporter.
  4974 | D:4      | Reached XP level 7. HP: 41/41 MP: 9/13
  5575 | D:5      | Entered Level 5 of the Dungeon
  5742 | D:5      | Reached skill level 5 in Spellcasting
  5880 | D:5      | Found a runed translucent door.
  6029 | D:5      | Noticed Pikel
  6130 | D:5      | Killed Pikel
  6131 | D:5      | Reached skill level 5 in Fire Magic
  6131 | D:5      | Reached XP level 8. HP: 11/48 MP: 12/16
  6171 | D:5      | Noticed Biscolet's ghost (amateur FoHu)
  6202 | D:5      | Found a runed translucent door.
  6554 | D:5      | Reached skill level 5 in Fighting
  6704 | D:5      | Reached XP level 9. HP: 54/54 MP: 10/19
  6765 | D:5      | Learned a level 4 spell: Flame Wave
  6829 | D:5      | Identified the +9 short sword of the Rat {elec, rCorr}
  7062 | D:5      | Found a burning altar of Makhleb.
  7064 | D:5      | Found a glowing silver altar of Zin.
  7064 | D:5      | Noticed a cacodemon
  7064 | D:5      | Noticed an angel
  7163 | D:5      | Identified the +0 plate armour of Wrong Decisions {Stlth+}
  7788 | D:6      | Found a stormy altar of Qazlal.
  7942 | D:6      | Found Ybroet's Serpentskin Sales.
  8231 | D:6      | Found a staircase to the Ecumenical Temple.
  8253 | Temple   | Entered the Ecumenical Temple
  8271 | Temple   | Became a worshipper of Sif Muna the Loreminder
  8686 | D:7      | Reached skill level 5 in Dodging
  8724 | D:7      | Found Esejinwu's General Store.
  8782 | D:7      | Found an opulent altar of Gozag.
  8927 | D:7      | Reached skill level 1 in Invocations
  8981 | D:7      | Found an ornate altar of the Wu Jian Council.
  9217 | D:7      | Noticed Maggie
  9229 | D:7      | Killed Maggie
  9315 | D:7      | Found a white marble altar of Elyvilon.
  9454 | D:7      | Found Falun's Armour Emporium.
  9455 | D:7      | Found Woneenew's Antique Weapon Emporium.
  9458 | D:7      | Found Bifotrie's Jewellery Emporium.
  9459 | D:7      | Found Diff's General Store.
  9502 | D:7      | Reached XP level 10. HP: 59/60 MP: 7/22
  9853 | D:8      | Identified the ring of Dighe {rPois rN+ Str+6 Dex+5 Slay+3}
  9958 | D:8      | Found a blossoming altar of Fedhas.
 10084 | D:8      | Reached * piety under Sif Muna
 10495 | D:8      | Noticed a kobold demonologist
 10503 | D:8      | Noticed a smoke demon
 10503 | D:8      | Killed a kobold demonologist
 10730 | D:9      | Reached skill level 5 in Conjurations
 10917 | D:9      | Reached skill level 1 in Ice Magic
 11039 | D:9      | Reached ** piety under Sif Muna
 11151 | D:9      | Reached XP level 11. HP: 56/64 MP: 1/24
 11233 | D:9      | Noticed a two-headed ogre
 11243 | D:9      | Killed a two-headed ogre
 11244 | D:9      | Reached skill level 5 in Invocations
 11349 | D:9      | Found Zoes's Assorted Antiques.
 11480 | D:9      | Noticed a cyclops
 11534 | D:9      | Killed a cyclops
 11582 | D:9      | Noticed a two-headed ogre
 11588 | D:9      | Killed a two-headed ogre
 11588 | D:9      | Reached *** piety under Sif Muna
 11611 | D:9      | Reached skill level 5 in Ice Magic
 11740 | D:9      | Learned a level 5 spell: Freezing Cloud
 11744 | D:9      | Learned a level 3 spell: Mephitic Cloud
 11947 | D:9      | Noticed a purple ugly thing
 11998 | D:8      | Killed a purple ugly thing
 12061 | D:9      | Reached skill level 1 in Air Magic
 12132 | D:9      | Noticed a two-headed ogre
 12140 | D:9      | Killed a two-headed ogre
 12438 | D:9      | Found a staircase to the Orcish Mines.
 12551 | D:9      | Reached skill level 1 in Alchemy
 12831 | D:9      | Found Qugepiq's Armour Shop.
 12919 | D:9      | Found a basalt altar of Yredelemnul.
 13354 | D:9      | Reached XP level 12. HP: 70/70 MP: 19/25
 13647 | D:7      | Bought the ring of Contentment {*Slow rElec Will+ Int+8
                  | Dex-4} for 543 gold pieces
 13766 | D:10     | Entered Level 10 of the Dungeon
 14046 | D:10     | Found a staircase to the Lair.
 14084 | D:10     | Reached **** piety under Sif Muna
 14132 | D:10     | Noticed a centaur warrior
 14147 | D:10     | Killed a centaur warrior
 14287 | D:10     | Found a broken altar of Ashenzari.
 14443 | D:10     | Found a sacrificial altar of Ru.
 14453 | D:10     | Found a hide-covered altar of Uskayaw.
 14818 | D:10     | Found a shimmering altar of Xom.
 14819 | D:10     | Found a hazy altar of Hepliaklqana.
 14833 | D:10     | Found a portal to a secret trove of treasure.
 15422 | Lair:1   | Entered Level 1 of the Lair of Beasts
 15488 | Lair:1   | Reached ***** piety under Sif Muna
 16507 | Lair:2   | Noticed a death yak
 16507 | Lair:2   | Noticed a death yak
 16507 | Lair:2   | Noticed a death yak
 16508 | Lair:2   | Noticed a death yak
 16543 | Lair:1   | Killed a death yak
 16627 | Lair:2   | Killed a death yak
 16627 | Lair:2   | Slain by a death yak

Illustrated notes

Levels and vault maps discovered:
D:1:      spicycebolla_green_bress_n_ham_2, layout_basic, serial_forest,
          infiniplex_forest_lined_1, infiniplex_forest_clump_curved,
          infiniplex_forest_clump_medium, infiniplex_forest_corner_2,
          infiniplex_forest_clump_curved, infiniplex_forest_end_2,
          infiniplex_forest_clump_tiny, serial_shops, shop
D:2:      layout_basic, basic_altar, chequers_ecumenical_altar_twisty,
          uniq_robin, uniq_terence
D:3:      layout_loops_corners, gup_sewer_entry_pipe, minmay_pentangle
D:4:      gammafunk_wand_slinger, layout_loops_ring, serial_shops,
          nicolae_shop_just_a_little_nook
D:5:      layout_basic, grunt_temple_overflow_order_and_chaos_2,
          ebering_ghost_sewer_f, minmay_bent, uniq_pikel
D:6:      layout_loops_corners, mainiacjoe_overflow_alcove_1,
          minmay_temple_entry_slanted, chequers_serial_rivers_micro_e,
          guppyfry_shop_venom
D:7:      layout_rooms, mainiacjoe_overflow_alcove_4, elyvilon_altar_1,
          nicolae_wu_jian_immortal_techniques, serial_co_window_serial,
          co_window_paths_a, co_window_corner_a, co_window_cross_1,
          co_window_paths_b, co_window_corner_a, co_window_paths_b,
          co_window_paths_a, co_window_corner_a, co_window_of_opportunity_a,
          co_window_of_opportunity_c, co_window_of_opportunity_b,
          co_window_corner_cb, co_window_paths_d, glass_columns_b,
          glass_columns_c, serial_shops, shop, minmay_shop_grid_forest,
          uniq_maggie
D:8:      layout_rooms, old_standard_altar, small_statue_intersection,
          minmay_circle_x
D:9:      minmay_s_stair_smasher, layout_cave_pools, yredelemnul_altar_generic,
          minmay_orc_entry_temple_small, serial_gnoll_camp,
          gnoll_camp_mini_shop, gnoll_camp_mini_doghouse, gnoll_camp_mini_basic,
          gnoll_camp_mini_loothouse, gnoll_camp_mini_doghouse,
          gnoll_camp_medium_01, serial_shops, shop,
          nicolae_demonic_statue_gallery
D:10:     layout_loops_cross, regret_index_temple_of_mockery, ashenzari_altar_1,
          amethyst_overflow_temple_binary, minmay_lair_entry_grove,
          nicolae_trove_entry_isolated, serial_ice, serial_ice_h, serial_ice_g,
          serial_ice_d, serial_ice_o, serial_ice_c, serial_ice_b, serial_ice_a,
          special_room [special_room_orc]
Temple:   nicolae_temple_bog_church
Lair:1:   layout_chaotic_city, infiniplex_staircase_pool
Lair:2:   layout_cave_pods, beast_lair_carwin_10

Skill      XL: |  1  2  3  4  5  6  7  8  9 10 11 12 |
---------------+-------------------------------------+-----
Fighting       | 1 2 3 4 5 6 |  6.6
Dodging        | 2 3 4 5 6 |  6.3
Spellcasting   | 3 4 5 6 8 9 |  9.2
Fire Magic     | 4 5 6 7 8 |  8.8
Conjurations   | 3 5 8 9 |  9.2
Invocations    | 1 4 5 |  5.0
Ice Magic      | 2 7 9 |  9.0
Air Magic      | 1 3 |  3.0
Alchemy        | 1 2 |  2.0
Stealth        | |  2.1

Action                     |  1- 3 |  4- 6 |  7- 9 | 10-12 || total
---------------------------+-------+-------+-------+-------++-------
  Melee: Unarmed           |   349 |       |       |       ||   349
         Punch             |     7 |       |     2 |     3 ||    12
         Short sword       |    10 |       |    43 |   197 ||   250
         Dagger            |    22 |    31 |   109 |       ||   162
   Cast: Foxfire           |    45 |   119 |   164 |   129 ||   457
         Scorch            |     3 |    17 |    43 |   219 ||   282
         Flame Wave        |       |       |     3 |    19 ||    22
         Mephitic Cloud    |       |       |       |    12 ||    12
         Freezing Cloud    |       |       |       |    10 ||    10
    Use: Scroll            |       |    16 |     3 |     3 ||    22
         Potion            |       |       |     2 |     1 ||     3
   Stab: Sleeping          |       |       |     1 |       ||     1
         Confused          |       |       |       |     3 ||     3
 Armour: Robe              |    51 |    16 |       |       ||    67
         Troll leather arm |       |     6 |   100 |   280 ||   386
  Dodge: Dodged            |    81 |    46 |   168 |   381 ||   676
